 Dungeon Crawl Stone Soup version 0.28.0-53-g5a82cb258f (webtiles) character file.

Game seed: 14014563016095460421

16 Zeld the Conjurer (level 2, 0/15 HPs)
             Began as a Deep Elf Conjurer on May 25, 2022.
             Slain by a giant cockroach (2 damage)
             ... on level 1 of the Dungeon.
             The game lasted 00:01:57 (297 turns).

Zeld the Conjurer (Deep Elf Conjurer)                Turns: 297, Time: 00:01:57

Health: 0/15       AC:  2    Str:  4    XL:     2   Next: 37%
Magic:  5/8        EV: 12    Int: 22    God:
Gold:   0          SH:  0    Dex: 13    Spells: 4/7 levels left

rFire   . . .      SeeInvis .   (no weapon)
rCold   . . .      Faith    .   (no shield)
rNeg    . . .      Spirit   .   a - +0 robe
rPois   .          Reflect  .   (no helmet)
rElec   .          Harm     .   (no cloak)
rCorr   .          Rampage  .   (no gloves)
Will    .....                   (no boots)
Stlth   ++........              (no amulet)
HPRegen 0.05/turn               (no ring)
MPRegen 0.11/turn               (no ring)

@: no status effects
A: no striking features
a: no special abilities


You were on level 1 of the Dungeon.
You visited 1 branch of the dungeon, and saw 1 of its levels.

Inventory:

Armour
 a - a +0 robe (worn)
Scrolls
 b - a scroll of identify {unknown}


   Skills:
 - Level 2.4 Dodging
 - Level 2.4 Stealth
 + Level 3.2 Spellcasting
 + Level 4.5 Conjurations
 * Level 1.6 Hexes
 * Level 1.1 Translocations


You had 4 spell levels left.
You knew the following spells:

 Your Spells              Type           Power      Damage    Failure   Level
a - Magic Dart            Conj           92%        1d7       1%          1
b - Searing Ray           Conj           46%        2d6       3%          2

Your spell library contained the following spells:

 Spells                   Type           Power      Damage    Failure   Level
 Dazzling Flash           Conj/Hex       34%        N/A       11%         3
 Fulminant Prism          Conj/Hex       8%         3d7       34%         4
 Iskenderun's Mystic Bla  Conj/Tloc      15%        2d5       36%         4


Dungeon Overview and Level Annotations

Branches:
Dungeon (1/15)

Altars:


Message History

The jackal barely misses you.
The searing ray hits the jackal.
The jackal is almost dead.
The searing ray hits the jackal.
The jackal is heavily wounded.
The jackal barely misses you.
The searing ray hits the jackal!
You kill the jackal!
The jackal barely misses you. The ball python closely misses you.
The ball python grabs you. The ball python constricts you.
The jackal bites you.
Unknown command.
You hit the ball python.
The ball python is severely wounded.
The giant cockroach bites you. The ball python bites you.
The ball python constricts you. The jackal bites you.
The giant cockroach bites you. The ball python barely misses you.
The ball python constricts you.
You escape the ball python's grasp.
The jackal bites you.
The giant cockroach bites you but does no damage.
The jackal closely misses you.
You see here a jackal corpse.
The jackal closely misses you.
A goblin comes into view. It is wielding a +0 dagger.
The jackal completely misses you.
The goblin shouts!
The giant cockroach bites you but does no damage.
The jackal bites you.
* * * LOW HITPOINT WARNING * * *
The giant cockroach bites you.
* * * LOW HITPOINT WARNING * * *
You completely miss the giant cockroach.
The jackal barely misses you.
The giant cockroach bites you but does no damage.
The giant cockroach barely misses you. The jackal bites you.
* * * LOW HITPOINT WARNING * * *
The giant cockroach barely misses you. The jackal bites you.
* * * LOW HITPOINT WARNING * * *
The giant cockroach bites you.
You die...

## .# ## #.. .# .# #. ..
..# .# ####. .##..# .#
#....##...... .#
#.##.#.......
.###########.##.#.......
††...^.............>....
...........#.##.@.......
...#######.#...hBS....#.
....# ###.#†......##...
....####...#........# #
#........###.##...#.#
.....#..###.........#
##...#....#..#..#.#.#
#...............!..#
##..##...........#.##


You could see a jackal, a giant cockroach and a ball python.

Vanquished Creatures
  A dart slug (D:1)
  An endoplasm (D:1)
  A goblin (D:1)
  2 hobgoblins (D:1)
  2 jackals (D:1)
  A kobold (D:1)
  A ball python (D:1)
  2 bats (D:1)
  2 rats (D:1)
13 creatures vanquished.

Notes
Turn   | Place    | Note
-------+----------+-------------------------------------------
     0 | D:1      | Zeld the Deep Elf Conjurer began the quest for the Orb.
     0 | D:1      | Reached XP level 1. HP: 10/10 MP: 6/6
    98 | D:1      | Reached skill level 1 in Hexes
   160 | D:1      | Reached XP level 2. HP: 15/15 MP: 5/8
   192 | D:1      | Learned a level 2 spell: Searing Ray
   195 | D:1      | Reached skill level 1 in Translocations
   297 | D:1      | Slain by a giant cockroach

Illustrated notes

Levels and vault maps discovered:
D:1:      ebering_trefoil_twist, layout_basic

Skill      XL: |  1  2 |
---------------+-------+-----
Hexes          | 1 |  1.6
Translocations | 1 |  1.1
Dodging        | |  2.4
Stealth        | |  2.4
Spellcasting   | |  3.2
Conjurations   | |  4.5

Action                   || total
-------------------------++-------
Melee: Unarmed           ||     3
 Cast: Magic Dart        ||    13
       Searing Ray       ||     3
Armor: Robe              ||     3
Dodge: Dodged            ||    11
